 Dungeon Crawl Stone Soup version 0.29-a0-284-gf9362112df (webtiles) character file.

Game seed: 15535008426760536352

3083 sizableburger the Magician (level 9, -5/52 HPs)
             Began as a Deep Elf Gladiator on Mar 29, 2022.
             Was a Believer of Elyvilon.
             Slain by an orc warlord (17 damage)
             ... in a bailey.
             The game lasted 00:33:18 (10066 turns).

sizableburger the Magician (Deep Elf Gladiator)    Turns: 10066, Time: 00:33:19

Health: -5/52      AC: 11    Str: 13    XL:     9   Next: 58%
Magic:  0/22       EV: 12    Int: 14    God:    Elyvilon [**....]
Gold:   238        SH:  0    Dex: 20    Spells: 17/23 levels left

rFire   . . .      SeeInvis .   a - +2 long sword (flame)
rCold   . . .      Faith    .   (no shield)
rNeg    . . .      Spirit   +   n - +0 scale mail
rPois   .          Reflect  .   c - +0 helmet
rElec   .          Harm     .   g - +0 cloak
rCorr   +          Rampage  .   f - +0 pair of gloves
Will    .....                   b - +0 pair of boots
Stlth   ..........              s - amulet of guardian spirit
HPRegen 0.17/turn               i - ring of resist corrosion
MPRegen 0.18/turn               (no ring)

@: brilliant, about to teleport
A: strong 1
a: Renounce Religion, Purification, Heal Other


You were in a bailey.
You worshipped Elyvilon.
Elyvilon was pleased with you.
You visited 1 branch of the dungeon, and saw 7 of its levels.
You also visited: Bailey.

You collected 298 gold pieces.
You spent 60 gold pieces at shops.

Inventory:

Hand Weapons
 a - a +2 long sword of flaming (weapon)
 l - a +0 dagger of venom
 t - a +0 hunting sling
Missiles
 d - a throwing net
 e - 5 javelins
 h - 160 stones
 m - 16 boomerangs
 u - 5 atropa-tipped darts
 v - 2 poisoned darts (quivered)
Armour
 b - a +0 pair of boots (worn)
 c - a +0 helmet (worn)
 f - a +0 pair of gloves (worn)
 g - a +0 cloak (worn)
 n - a +0 scale mail (worn)
Jewellery
 i - a ring of resist corrosion (left hand)
 s - an amulet of guardian spirit (around neck)
Scrolls
 j - a scroll of teleportation
 k - a scroll of fog
 r - a scroll of brand weapon
Potions
 q - a potion of flight
 w - a potion of berserk rage {unknown}


   Skills:
 - Level 3.8 Fighting
 + Level 7.3 Long Blades
 - Level 2.8 Throwing
 - Level 2.2 Armour
 + Level 6.1 Dodging
 + Level 7.5 Spellcasting
 - Level 5.9 Hexes
 + Level 1.8 Ice Magic
 - Level 4.1 Invocations


You had 17 spell levels left.
You knew the following spells:

 Your Spells              Type           Power      Damage    Failure   Level
a - Tukima's Dance        Hex            32%        N/A       17%         3
b - Frozen Ramparts       Ice            30%        1d5       65%         3

Your spell library contained the following spells:

 Spells                   Type           Power      Damage    Failure   Level
 Inner Flame              Hex/Fire       20%        N/A       50%         3
 Foxfire                  Conj/Fire      28%        2x1d5     54%         1
 Magic Dart               Conj           28%        1d4       54%         1
 Sandblast                Erth           14%        2d6       54%         1
 Call Imp                 Summ           7%         N/A       67%         2
 Passwall                 Tmut/Erth      5%         N/A       67%         2
 Conjure Flame            Conj/Fire      7%         6-21      88%         3
 Mephitic Cloud           Conj/Pois/Air  7%         N/A       88%         3
 Stone Arrow              Conj/Erth      14%        3d7       88%         3
 Anguish                  Hex/Necr       10%        N/A       88%         4
 Fulminant Prism          Conj/Hex       10%        3d9       88%         4
 Animate Armour           Summ/Erth      14%        N/A       99%         4
 Flame Wave               Conj/Fire      7%         2d5       99%         4
 Ice Form                 Ice/Tmut       11%        N/A       99%         4
 Iskenderun's Mystic Bla  Conj/Tloc      7%         2d4       99%         4
 Summon Ice Beast         Ice/Summ       11%        N/A       99%         4
 Lee's Rapid Deconstruct  Erth           3%         3d6*      100%        5
 Enfeeble                 Hex            16%        N/A       100%        7
 Lehudib's Crystal Spear  Conj/Erth      3%         10d3      100%        8


Dungeon Overview and Level Annotations

Branches:
Dungeon (7/15)             Temple (0/1) D:4          Bailey (1/1)

Altars:
Elyvilon
Ru
Sif Muna
Xom
The Shining One

Shops:
D:5 *

Annotations:
D:5 3 runed translucent doors, chopper's ghost, novice GnFi


Innate Abilities, Weirdness & Mutations

Your muscles are strong. (Str +2)


Message History

The orc warlord hits you!!
The orc warrior hits you but does no damage.
Your +3 halberd hits the orc warlord but does no damage.
Unknown command.
The orc warrior attacks as you move away!
The orc warrior hits you!
Your +0 war axe closely misses the orc warrior.
The orc warlord barely misses you.
Unknown command.
Okay, then.
You are healed.
Your +3 halberd hits the orc warlord from afar.
The orc warlord hits you! The orc warrior barely misses you.
Okay, then.
The orc warlord attacks as you move away!
The orc warlord hits you but does no damage.
Your +3 halberd hits the orc warlord but does no damage.
Okay, then.
Okay, then.
The orc warlord attacks as you move away!
The orc warlord hits you.
The orc warlord looks more healthy.
Your +3 halberd hits the orc warlord from afar.
Things that are here:
a +0 hand axe; a +0 leather armour Unknown command.
Okay, then.
Okay, then.
You are healed.
You can no longer provide healing for yourself.
The orc warlord hits you. The orc warrior hits you!!
* * * LOW HITPOINT WARNING * * *
Unknown command.
Okay, then.
You aren't carrying any items that you can evoke.
As you read the scroll of teleportation, it crumbles to dust.
You feel strangely unstable.
The orc warrior no longer looks unusually strong.
Your +3 halberd closely misses the orc warlord.
The orc warlord hits you!
You die...

#........ #.....⌠..
#........ #........
♣♣♣♣♣♣ ###.......
♣♣....♣♣♣ ###.#'#.....
♣.......♣###.....###.##
♣♣.....))##.........###
♣.....)@)#...........#
♣.....oo.'...........#
♣...∩.(..'.....⌠.....#
♣......(('...........#
♣........#...........#
♣♣.......##......)..###
♣♣....♣♣♣###...)[###.##
♣♣.♣.♣ ###.#'#.....
♣♣♣♣♣ ###[).....


You could see an orc warlord (ally target), an orc warrior (ally target) and 2
friendly dancing weapons.

Vanquished Creatures
  A kobold demonologist (D:6)
  A hornet (D:6)
  Edmund (D:5)
  5 orc warriors (Bailey)
  A black bear (D:7)
  An ice beast (D:5)
  3 ogres
  2 phantoms (D:4)
  2 bullfrogs (D:7)
  3 scorpions
  2 necrophages
  A water moccasin skeleton (D:4)
  A centaur zombie (D:4)
  A bullfrog zombie (D:4)
  5 hounds
  3 jellies
  A bullfrog skeleton (D:4)
  4 iguanas (D:6)
  3 orc wizards
  A scorpion zombie (D:4)
  A hound zombie (D:4)
  A hound skeleton (D:4)
  7 gnolls
  A howler monkey skeleton (D:4)
  7 adders
  A shadow imp (D:6)
  3 adder zombies (D:4)
  An adder skeleton (D:4)
  2 worms
  3 dart slugs
  23 orcs
  4 ball pythons
  2 bats
  5 endoplasms
  2 giant cockroaches
  12 goblins
  21 hobgoblins
  2 jackals (D:3)
  2 quokkas
  10 frilled lizards
  13 kobolds
  7 rats
172 creatures vanquished.

Vanquished Creatures (collateral kills)
  An orc warrior (Bailey)
  An orc (Bailey)
  A goblin (Bailey)
3 creatures vanquished.

Vanquished Creatures (others)
  2 dancing weapons (Bailey)
  An acid dragon (D:6)
  A gnoll sergeant (D:6)
  9 fungi (D:5)
13 creatures vanquished.

Grand Total: 188 creatures vanquished

Notes
Turn   | Place    | Note
-------+----------+-------------------------------------------
     0 | D:1      | sizableburger the Deep Elf Gladiator began the quest for
                  | the Orb.
     0 | D:1      | Reached XP level 1. HP: 12/12 MP: 3/3
   317 | D:1      | Reached XP level 2. HP: 17/17 MP: 4/4
   347 | D:1      | You fall into a shaft and drop 1 floor!
   686 | D:2      | Reached XP level 3. HP: 16/22 MP: 5/5
   800 | D:2      | Found a white marble altar of Elyvilon.
   919 | D:2      | Became a worshipper of Elyvilon the Healer
  1238 | D:1      | Found a faded altar of an unknown god.
  1785 | D:1      | Reached * piety under Elyvilon
  1954 | D:2      | Reached XP level 4. HP: 27/27 MP: 6/6
  2689 | D:3      | Found a shimmering altar of Xom.
  2722 | D:3      | Reached ** piety under Elyvilon
  2852 | D:3      | Found a sacrificial altar of Ru.
  3051 | D:3      | Gained mutation: Your muscles are strong. (Str +2) [potion
                  | of mutation]
  3073 | D:3      | Elyvilon protects you from harm!
  3789 | D:4      | Reached XP level 5. HP: 32/32 MP: 7/7
  3875 | D:4      | Learned a level 3 spell: Tukima's Dance
  3905 | D:4      | Found a staircase to the Ecumenical Temple.
  3967 | D:4      | Noticed a phantom
  3979 | D:4      | Killed a phantom
  3980 | D:4      | Reached skill level 1 in Spellcasting
  3980 | D:4      | Reached skill level 1 in Hexes
  3980 | D:4      | Reached XP level 6. HP: 27/37 MP: 7/9
  4431 | D:4      | Found a glowing golden altar of the Shining One.
  4458 | D:4      | Reached XP level 7. HP: 34/41 MP: 13/13
  4829 | D:4      | Reached skill level 5 in Long Blades
  5487 | D:5      | Entered Level 5 of the Dungeon
  5487 | D:5      | Found Fodghaofe's CLEARANCE SALE!.
  5515 | D:5      | Reached *** piety under Elyvilon
  5834 | D:5      | Reached skill level 1 in Invocations
  6253 | D:5      | Found a shimmering blue altar of Sif Muna.
  6307 | D:5      | Found a runed translucent gate.
  6307 | D:5      | Found a runed translucent gate.
  6308 | D:5      | Found a runed translucent gate.
  6308 | D:5      | Noticed chopper's ghost (novice GnFi)
  6430 | D:5      | Reached skill level 1 in Armour
  6430 | D:5      | Reached XP level 8. HP: 48/48 MP: 16/16
  6520 | D:5      | Noticed Edmund
  7508 | D:6      | Reached skill level 5 in Spellcasting
  7508 | D:6      | Reached skill level 5 in Hexes
  7738 | D:5      | Bought a ring of resist corrosion for 60 gold pieces
  7763 | D:6      | Noticed a hornet
  7900 | D:5      | Killed Edmund
  8143 | D:6      | Killed a hornet
  8471 | D:6      | Noticed a kobold demonologist
  8484 | D:6      | Killed a kobold demonologist
  8485 | D:6      | Reached XP level 9. HP: 51/52 MP: 14/19
  9056 | D:7      | Reached skill level 5 in Dodging
  9260 | D:7      | Found a flagged portal.
  9293 | Bailey   | Entered a bailey
  9653 | Bailey   | Learned a level 3 spell: Frozen Ramparts
  9802 | Bailey   | Reached skill level 1 in Ice Magic
 10017 | Bailey   | Noticed an orc warlord
 10066 | Bailey   | Slain by an orc warlord

Illustrated notes

Levels and vault maps discovered:
D:1:      eino_arrival_cavern_b, layout_basic, ebering_ecumenical_altar_mist
D:2:      layout_basic, basic_altar, minmay_lizard_pond
D:3:      layout_basic, lemuel_round_altar, mainiacjoe_overflow_brackets
D:4:      layout_basic, mainiacjoe_overflow_tiny_flanked,
          minmay_temple_entry_glassed_door, serial_undead, serial_undead_f,
          serial_undead_a, serial_undead_e, serial_undead_a, minmay_crossroads
D:5:      layout_basic, mainiacjoe_overflow_small_starburst,
          gammafunk_ghost_split, dreamdust_mushroom_princess,
          hangedman_abyss_or_decor_lesser_grid, nicolae_shop_clearance,
          uniq_edmund
D:6:      layout_loops_ring, minmay_small_thing
D:7:      layout_loops_corners, overflow_temple_1_default,
          mainiacjoe_overflow_six_doors_small, mainiacjoe_overflow_swirl,
          enter_bailey_3, uniq_menkaure
Bailey:   bailey_axe_minmay_hex_keep, bailey

Skill      XL: |  1  2  3  4  5  6  7  8  9 |
---------------+----------------------------+-----
Long Blades    | 3 4 5 6 7 |  7.3
Fighting       | 2 3 |  3.8
Dodging        | 4 6 |  6.1
Spellcasting   | 1 2 4 5 7 |  7.5
Hexes          | 1 2 4 5 |  5.9
Invocations    | 1 4 |  4.1
Armour         | 1 2 |  2.2
Ice Magic      | 1 |  1.8
Throwing       | |  2.8

Action                   |  1- 3 |  4- 6 |  7- 9 || total
-------------------------+-------+-------+-------++-------
Melee: Long sword        |   117 |   125 |   354 ||   596
       Punch             |     1 |     1 |     3 ||     5
 Fire: Hunting sling     |       |     5 |       ||     5
Throw: Stone             |    30 |    47 |    33 ||   110
       Throwing net      |     1 |       |     1 ||     2
       Boomerang         |       |    13 |    27 ||    40
       Dart              |       |     3 |    10 ||    13
       Javelin           |       |       |    10 ||    10
 Cast: Tukima's Dance    |       |       |    19 ||    19
Invok: Heal Self         |       |       |     6 ||     6
       Purification      |       |       |     1 ||     1
Evoke: Wand              |       |       |    10 ||    10
  Use: Potion            |     1 |     7 |     2 ||    10
       Scroll            |       |       |    14 ||    14
 Stab: Sleeping          |     2 |     3 |       ||     5
       Distracted        |       |       |     1 ||     1
Armor: Leather armour    |    32 |    44 |     1 ||    77
       Scale mail        |       |       |   153 ||   153
Dodge: Dodged            |    88 |    69 |   202 ||   359

Table legend: (Time is in decaauts)
 A = Elapsed time spent in this place.
 B = Non-inter-level travel time spent in this place.
 C = Inter-level travel time spent in this place.
 D = Time resting spent in this place.
 E = Time spent auto-exploring this place.
 F = Levels seen in this place.
 G = Mean time per level.
                   A        B        C        D        E       F      G
               +--------+--------+--------+--------+--------+-----+--------+
         Total |  10146 |   9538 |    608 |   2953 |   4476 |   8 | 1268.2 |
       Dungeon |   9370 |   8762 |    608 |   2607 |   4338 |   7 | 1338.6 |
        Bailey |    776 |    776 |      0 |    346 |    138 |   1 |  776.0 |
               +--------+--------+--------+--------+--------+-----+--------+

Top non-repeatable levels by time:
     D:5: 1859 daAuts
     D:4: 1829 daAuts
     D:3: 1563 daAuts
     D:2: 1411 daAuts
     D:6: 1386 daAuts
     D:1: 1034 daAuts
  Bailey: 776 daAuts
     D:7: 285 daAuts
